 Dungeon Crawl Stone Soup version 0.17-a0-896-g249456b (webtiles) character file.

214 hornqvist the Shield-Bearer (level 6, -3/47 HPs)
             Began as a Formicid Fighter on May 1, 2015.
             Was an Initiate of Gozag.
             Slain by Menkaure (16 damage)
             ... on level 4 of the Dungeon.
             The game lasted 00:02:41 (2516 turns).

hornqvist the Shield-Bearer (Formicid Fighter)      Turns: 2516, Time: 00:02:41

Health: -3/47      AC:  8    Str: 22    XL:     6   Next: 14%
Magic:  6/6        EV:  9    Int:  8    God:    Gozag
Gold:   358        SH: 10    Dex: 10    Spells: 0 memorised, 5 levels left

rFire  . . .     SeeInvis +     a - +0 war axe
rCold  . . .     Clarity  .     b - +0 scale mail
rNeg   . . .     SustAb   .     c - +0 shield
rPois  +         Gourm    .     (helmet unavailable)
rElec  .         Spirit   .     (no cloak)
rCorr  .         Warding  .     q - +0 pair of gloves
rMut   .         Stasis   +     (no boots)
MR     .....                    (no amulet)
Stlth  ..........               (no ring)
                                n - ring of poison resistance

@: not resistant to hostile enchantments, extremely unstealthy
A: permanent stasis, dig shafts and tunnels, four strong arms, antennae 3
a: Dig, Shaft Self, Potion Petition, Call Merchant, Bribe Branch, Renounce
Religion


You were on level 4 of the Dungeon.
You worshipped Gozag.
Gozag was noncommittal.
You were very hungry.

You visited 1 branch of the dungeon, and saw 4 of its levels.

You collected 405 gold pieces.
You paid 47 gold pieces to Gozag.

Inventory:

Hand weapons
 a - a +0 war axe (weapon)
Armour
 b - a +0 scale mail (worn)
 c - a +0 shield (worn)
 q - a +0 pair of gloves (worn)
Jewellery
 n - a ring of poison resistance (left hand)
Magical devices
 r - a wand of heal wounds (4)
Scrolls
 f - 6 scrolls of identify {unknown}
 j - 3 scrolls of remove curse {unknown}
 l - a scroll of blinking {unknown}
 o - a scroll of enchant armour {unknown}
 s - a scroll of magic mapping {unknown}
 t - 3 scrolls of teleportation {unknown}
 u - a scroll of fog {unknown}
 x - 2 scrolls of random uselessness {unknown}
 y - a scroll of immolation {unknown}
Potions
 d - a potion of might
 g - a potion of cancellation
 h - a potion of curing {unknown}
 i - a potion of agility {unknown}
 k - a potion of mutation {unknown}
 p - a potion of haste {unknown}
 v - a potion of heal wounds {unknown}
 w - a potion of poison {unknown}
Comestibles
 e - 3 bread rations
 m - a meat ration
 z - a beef jerky


   Skills:
 - Level 3.2 Fighting
 * Level 4.6 Axes
 - Level 3.2 Armour
 + Level 1.9 Dodging
 + Level 4.8 Shields


You had 5 spell levels left.
You didn't know any spells.

Dungeon Overview and Level Annotations

Branches:
Dungeon (4/15)
 Temple: D:4-7

Altars:
Cheibriados
Gozag

Annotations:
D:4 Menkaure


Innate Abilities, Weirdness & Mutations

You are under a permanent stasis effect.
You can dig through walls and to a lower floor.
Your four strong arms can wield two-handed weapons with a shield.
You have a pair of large antennae on your head (SInv).


Message History

You see here a club.
Found a leather armour.
Menkaure, Prince of Dust comes into view.
Menkaure shouts!
Menkaure calls on the powers of darkness!
Your body is wracked with pain!
You see here a clear potion.
You take 22 damage, and have 25/47 hp.
MASSIVE DAMAGE!!
Menkaure mumbles some strange words.
Menkaure seems to speed up.
Menkaure rustles, "From dust you came, to dust you will return."
Menkaure hits you!
* * * LOW HITPOINT WARNING * * *
You take 12 damage, and have 13/47 hp.
MASSIVE DAMAGE!!
You are too injured to fight recklessly!
You are too injured to fight recklessly!
Drink which item? (? for menu, Esc to quit)
It was a potion of cancellation.
You feel magically purged. Menkaure hits you!
You die...
Your body crumbles into a pile of gold.

##......###.## ###.####
#............ #....###..
##.............#####........#
#....#####..................#
.....# ##.#............##.
....#######...#####.##..##
...............####!# ..#
....................##..#
...............M@....#..#
..........................
.................[........
........ ......?...!......
....... ................
...... .............. .....
............ .... ..........
... ....


You could see Menkaure.

Vanquished Creatures
  A centaur skeleton (D:4)
  Natasha (twice) (D:2)
  Robin (D:3)
  A river rat (D:4)
  6 adders
  An ooze (D:2)
  A worm (D:4)
  An orc (D:4)
  7 hobgoblins
  4 jackals (D:4)
  3 ball pythons
  6 bats
  A giant cockroach (D:3)
  3 giant geckos
  5 giant newts
  19 goblins
  6 kobolds
  2 quokkas
  10 rats
80 creatures vanquished.

Notes
Turn   | Place    | Note
--------------------------------------------------------------
     0 | D:1      | hornqvist, the Formicid Fighter, began the quest for the Orb.
     0 | D:1      | Reached XP level 1. HP: 18/18 MP: 1/1
   289 | D:1      | Reached XP level 2. HP: 20/24 MP: 2/2
   853 | D:2      | Reached skill level 4 in Shields
   853 | D:2      | Reached XP level 3. HP: 29/29 MP: 3/3
   973 | D:2      | Reached XP level 4. HP: 30/35 MP: 4/4
   996 | D:2      | Reached skill level 1 in Dodging
  1139 | D:2      | Noticed Natasha
  1144 | D:2      | Killed Natasha
  1331 | D:2      | Reached XP level 5. HP: 39/41 MP: 5/5
  1373 | D:2      | Noticed Natasha
  1380 | D:2      | Killed Natasha
  1445 | D:3      | Found an opulent altar of Gozag.
  1677 | D:3      | Became a worshipper of Gozag Ym Sagoz the Greedy
  1838 | D:3      | Found a snail-covered altar of Cheibriados.
  1944 | D:3      | Noticed Robin
  1958 | D:3      | Killed Robin
  2449 | D:4      | Reached XP level 6. HP: 45/47 MP: 6/6
  2512 | D:4      | Noticed Menkaure
  2516 | D:4      | Slain by Menkaure

Action                   |  1- 3 |  4- 6 || total
-------------------------+-------+-------++-------
Melee: War axe           |    82 |   148 ||   230
  Use: Potion            |       |     1 ||     1
  Eat: Chunk             |       |     3 ||     3
       Beef jerky        |       |     1 ||     1
